 Dungeon Crawl Stone Soup version 0.28.0 (webtiles) character file.

Game seed: 3894173636144718567

291452 mopl the Spry (level 20, -6/156 (162) HPs)
             Began as a Gnoll Monk on Feb 17, 2022.
             Was the Champion of Ru.
             Killed by a royal mummy's death curse (30 damage)
             ... on level 2 of the Depths on Feb 18, 2022.
             The game lasted 02:01:56 (58090 turns).

mopl the Spry (Gnoll Monk)                         Turns: 58090, Time: 02:01:57

HP:   -6/156 (162)  AC: 33    Str: 17    XL:     20   Next: 77%
MP:   38/38         EV: 16    Int: 13    God:    Ru [******]
Gold: 2390          SH: 20    Dex: 24    Spells: 41/47 levels left

rFire   + . .      SeeInvis .   a - +8 lance "Wyrmbane" {slay drac, rPois rF+ rC+ AC+3}
rCold   + . .      Faith    .   b - +0 kite shield
rNeg    . . .      Spirit   .   g - +7 chain mail of Yloylom {Will+}
rPois   +          Reflect  +   Z - +2 helmet {Int+3}
rElec   +          Harm     .   n - scarf {shadows}
rCorr   .          Rampage  .   M - +2 pair of gloves {Dex+3}
Will    +++++                   i - +2 pair of boots {Fly}
Stlth   ..........              s - amulet of Jour {Reflect rElec SH+5}
HPRegen 0.36/turn               u - ring of Xom's Whim {*Corrode Fly Will+++ Slay+4 Stlth+}
MPRegen 0.26/turn               y - ring of the Sun {rPois Dex+6 Slay+3}

@: unable to drink, flying, slowed, lightly drained, unable to read, very slow
A: fangs 1, weak 1, inability to drink while threatened, inability to read while
threatened, no stealth, no hexes magic, no ice magic, no summoning magic,
disrupted magic 1, missing an eye, strong nose, distributed training
}: 2/15 runes: serpentine, barnacled
a: Renounce Religion, Draw Out Power, Power Leap, Apocalypse


You were on level 2 of the Depths.
You worshipped Ru.
Ru was exalted by your worship.
You visited 7 branches of the dungeon, and saw 36 of its levels.
You also visited: Gauntlet.

You collected 4050 gold pieces.
You spent 1660 gold pieces at shops.

Inventory:

Hand Weapons
 a - the +8 lance "Wyrmbane" (weapon) {slay drac, rPois rF+ rC+ AC+3}
   (You bought it in a shop on level 2 of the Depths)

   It inflicts extra damage against dragons and draconians.
   AC:        It affects your AC (+3).
   rF:        It protects you from fire.
   rC:        It protects you from cold.
   rPois:     It protects you from poison.
Missiles
 h - 39 poisoned darts
 t - 10 curare-tipped darts
 w - 41 boomerangs (quivered)
 x - 26 stones
 G - 3 throwing nets
Armour
 b - a +0 kite shield (worn)
 g - the +7 chain mail of Yloylom (worn) {Will+}
   (You found it on level 2 of the Dungeon)

   Will:      It increases your willpower.
 i - a +2 pair of boots of flying (worn)
 n - a scarf of shadows (worn)
 M - a +2 pair of gloves of dexterity (worn)
 Z - a +2 helmet of intelligence (worn)
Jewellery
 s - the amulet of Jour (around neck) {Reflect rElec SH+5}
   (You took it off a deep elf zephyrmancer on level 3 of the Elven Halls)

   [amulet of reflection]

   It reflects blocked missile attacks.
   rElec:     It insulates you from electricity.
   SH:        It affects your SH (+5).
 u - the ring of Xom's Whim (left hand) {*Corrode Fly Will+++ Slay+4 Stlth+}
   (You found it on level 3 of the Snake Pit)

   [ring of slaying]

   Slay:      It affects your accuracy & damage with ranged weapons and melee
   (+4).
   Fly:       It grants you flight.
   *Corrode:  It may corrode you when you take damage.
   Will:      It greatly increases your willpower.
   Stlth:     It makes you more stealthy.
 y - the ring of the Sun (right hand) {rPois Dex+6 Slay+3}
   (You found it on level 6 of the Dungeon)

   [ring of dexterity]

   Dex:       It affects your dexterity (+6).
   Slay:      It affects your accuracy & damage with ranged weapons and melee
   (+3).
   rPois:     It protects you from poison.
 H - the ring of Ykka {Fire Dex+5 SInv}
   (You took it off a deep elf death mage on level 3 of the Elven Halls)

   [ring of fire]

   It enhances your fire magic.
   Dex:       It affects your dexterity (+5).
   rF:        It protects you from fire.
   rC:        It makes you vulnerable to cold.
   SInv:      It lets you see invisible.
 P - a ring of positive energy
Wands
 d - a wand of digging (3)
 j - a wand of acid (5)
 A - a wand of polymorph (29)
 D - a wand of mindburst (7)
 I - a wand of paralysis (11)
 R - a wand of iceblast (29)
Scrolls
 m - 5 scrolls of magic mapping
 p - 10 scrolls of teleportation
 C - 2 scrolls of silence {!r}
 E - 3 scrolls of fog
 F - 3 scrolls of summoning
 J - 8 scrolls of blinking
 L - 2 scrolls of vulnerability
 V - 4 scrolls of fear
Potions
 c - 2 potions of magic
 e - 6 potions of brilliance
 f - 11 potions of heal wounds
 l - 2 potions of resistance
 o - a potion of cancellation
 r - 4 potions of might
 z - 14 potions of curing
 N - 6 potions of haste
 O - a potion of invisibility
 U - 2 potions of berserk rage {!q}
 W - 7 potions of ambrosia
Miscellaneous
 k - a piece from Xom's chessboard (8/15)
 q - a box of beasts
 v - a phial of floods
 B - a phantom mirror
 S - a tin of tremorstones (2/2)
 Y - a condenser vane (inert)


   Skills:
 + Level 15.3 Fighting
 + Level 14.0 Short Blades
 + Level 14.0 Long Blades
 + Level 14.0 Axes
 + Level 15.3 Maces & Flails
 + Level 14.0 Polearms
 + Level 14.0 Staves
 + Level 14.0 Slings
 + Level 14.0 Bows
 + Level 14.0 Crossbows
 + Level 14.0 Throwing
 + Level 14.0 Armour
 + Level 15.3 Dodging
   Level 0.0 Stealth
 + Level 14.0 Shields
 + Level 14.0 Unarmed Combat
 + Level 14.0 Spellcasting
 + Level 11.9 Conjurations
   Level 0.0 Hexes
   Level 0.0 Summonings
 + Level 11.9 Necromancy
 + Level 11.9 Translocations
 + Level 11.9 Transmutations
 + Level 11.9 Fire Magic
   Level 0.0 Ice Magic
 + Level 11.9 Air Magic
 + Level 11.9 Earth Magic
 + Level 11.9 Poison Magic
 + Level 15.1 Invocations
 + Level 14.0 Evocations


You had 41 spell levels left.
You knew the following spells:

 Your Spells              Type           Power      Damage    Failure   Level
b - Vampiric Draining     Necr           40%        2d8       4%          3
p - Passwall              Tmut/Erth      33%        N/A       2%          2
x - Animate Skeleton      Necr           80%        N/A       1%          1

Your spell library contained the following spells:

 Spells                   Type           Power      Damage    Failure   Level
 Foxfire                  Conj/Fire      100%       2x1d9     1%          1
 Pain                     Necr           100%       1d9       1%          1
 Sandblast                Erth           80%        2d17      1%          1
 Corpse Rot               Necr/Air       80%        N/A       2%          2
 Scorch                   Fire           80%        2d9       2%          2
 Sublimation of Blood     Necr           40%        N/A       2%          2
 Wereblood                Tmut           40%        N/A       2%          2
 Conjure Flame            Conj/Fire      40%        6-21      4%          3
 Gell's Gravitas          Tloc           40%        N/A       4%          3
 Stone Arrow              Conj/Erth      80%        3d12      4%          3
 Teleport Other           Tloc           40%        N/A       4%          3
 Dispel Undead            Necr           40%        3d16      12%         4
 Flame Wave               Conj/Fire      40%        2d9       12%         4
 Iskenderun's Mystic Bla  Conj/Tloc      40%        2d9       12%         4
 Olgreb's Toxic Radiance  Pois           40%        N/A       12%         4
 Alistair's Intoxication  Tmut/Pois      26%        N/A       30%         5
 Borgnjor's Vile Clutch   Necr/Erth      20%        N/A       30%         5
 Fireball                 Conj/Fire      20%        3d10      30%         5
 Iskenderun's Battlesphe  Conj           40%        2d9       30%         5
 Lee's Rapid Deconstruct  Erth           20%        3d13*     30%         5
 Conjure Ball Lightning   Conj/Air       20%        3x3d6     83%         6
 Death Channel            Necr           20%        N/A       83%         6
 Dispersal                Tloc           20%        N/A       83%         6
 Eringya's Noxious Bog    Tmut/Pois      20%        N/A       83%         6
 Iron Shot                Conj/Erth      20%        9d5       83%         6
 Starburst                Conj/Fire      20%        6d7       83%         6
 Dragon Form              Tmut           20%        N/A       100%        7
 Disjunction              Tloc           20%        N/A       100%        8
 Ignition                 Fire           20%        3d7       100%        8
 Inner Flame              Hex/Fire       Unusable   N/A       N/A         3
 Fulminant Prism          Conj/Hex       Unusable   3d9       N/A         4
 Slow                     Hex            Unusable   N/A       N/A         1
 Confusing Touch          Hex            Unusable   N/A       N/A         3
 Cause Fear               Hex            Unusable   N/A       N/A         4
 Summon Cactus Giant      Summ           Unusable   N/A       N/A         6
 Ozocubu's Refrigeration  Ice            Unusable   4d5       N/A         7
 Spellforged Servitor     Conj/Summ      Unusable   N/A       N/A         7
 Summon Hydra             Summ           Unusable   N/A       N/A         7
 Discord                  Hex            Unusable   N/A       N/A         8
 Dragon's Call            Summ           Unusable   N/A       N/A         9

Dungeon Overview and Level Annotations

Branches:
Dungeon (15/15)            Temple (0/1) D:7            Lair (6/6) D:10
 Shoals (4/4) Lair:4        Snake (4/4) Lair:2        Slime (0/5) Lair:5
    Orc (2/2) D:12            Elf (3/3) Orc:2        Vaults (0/5) D:14
 Depths (2/4) D:15        Gauntlet (visited)

Altars:
Ashenzari
Dithmenos
Elyvilon
Gozag
Ru
Trog
Uskayaw
Xom
Zin
The Shining One
Beogh
Lugonu

Shops:
D:12 [   Orc:2 ((!   Depths:2 (

Portals:
Hell: Depths:1 Depths:2
Abyss: Lair:6 Depths:1
Pandemonium: Depths:1 Depths:2

Annotations:
Lair:5 2 transporters, funkygono's ghost, journeyman GrFE
Shoals:4 Roxanne
Snake:2 2 transporters, Sagen's ghost, adept DrCj
Orc:1 2 runed translucent doors, exclusion: orange crystal statue
Elf:2 3 runed translucent doors


Innate Abilities, Weirdness & Mutations

You have very sharp teeth.
You are weak. (Str -2)
You sometimes lose the ability to drink potions when taking damage.
You sometimes lose the ability to read scrolls when taking damage.
You cannot be stealthy.
You cannot study or cast Hexes magic.
You cannot study or cast Ice magic.
You cannot study or cast Summoning magic.
Your casting is slightly disrupted.
You are missing an eye, making it more difficult to aim.
Your uncanny sense of smell can sniff out nearby items.
Your experience applies equally to all skills.


Message History

The emperor scorpion is engulfed in blazing flames.
The royal mummy is engulfed in blazing flames.
The royal mummy hits you but does no damage.
Unknown command.
You puncture the royal mummy!
The royal mummy is almost destroyed.
The death scarab bites you.
The death scarab draws strength from your injuries!
The royal mummy is engulfed in blazing flames.
The royal mummy gestures at you while chanting.
Something smites you!
You feel threatened and lose the ability to read scrolls!
You feel threatened and lose the ability to drink potions!
The emperor scorpion is engulfed in blazing flames.
You hit the royal mummy.
The royal mummy is almost destroyed.
The death scarab misses you. You block the death scarab's attack.
The royal mummy is engulfed in blazing flames.
The royal mummy calls on the powers of darkness!
The emperor scorpion convulses!
Your body is wracked with pain!
* * * LOW HITPOINT WARNING * * *
Unknown command.
You puncture the royal mummy!
The royal mummy is almost destroyed.
You block the death scarab's attack. x2
The royal mummy is engulfed in blazing flames.
The royal mummy hits you!
* * * LOW HITPOINT WARNING * * *
The emperor scorpion is engulfed in blazing flames.
You hit the royal mummy but do no damage.
The royal mummy is almost destroyed.
You block the death scarab's attack.
The emperor scorpion is engulfed in blazing flames.
The royal mummy is engulfed in blazing flames.
You destroy the royal mummy!
The emperor scorpion disappears in a puff of smoke!
The death scarab disappears in a puff of smoke!
You feel extremely nervous for a moment...
Pain shoots through your body!!
You die...

#................#.#.§§§§.......
###..................§≈§≈≈.......
#........#.......§.≈∩§.§§§.......
#....######################......
.....#**** ****##* *## ##.......
##...#*∆,*#*8*∆#.####.###..#.....
##...#***.#.##,#.#8#.#*#...##....
.....# *,....M###...####...##....
.....#**,,#....#@....#8#.........
.....#*8,**#.§§§§§#§§.###........
.....#**,,*##§§#§.§○...###.......
.....# *,,,*#####.§§#...##.......
..≈..#***,,,,*,*##.###..#........
.....#*∆,*,,,,∆∆8#...##..........
.....#***,,,,*,*##.###..#........
.....# *,,,*##*##...#...##)#.....
.....#**,,*##..#.......###.......


There were no monsters in sight!

Vanquished Creatures
  Mara (Shoals:4)
  2 royal mummies (Depths:2)
  Bai Suzhen (Snake:3)
  Vashnia (Snake:2)
  Nikola (Elf:3)
  Rupert (D:12)
  Jorgrun (D:13)
  Mlioglotl (Snake:3)
  A lich (D:15)
  Polyphemus (Shoals:2)
  4 sphinxes (Depths:2)
  A deep elf master archer (Elf:2)
  5 nagarajas (Snake:4)
  Kirke (Shoals:4)
  Donald (Shoals:2)
  3 frost giants
  An orc warlord (Orc:2)
  Ilsuiw (Shoals:1)
  2 fire giants (Depths:1)
  3 deep elf sorcerers (Elf:3)
  An iron dragon (Depths:1)
  5 deep elf elementalists (Elf:3)
  8 stone giants
  A vampire knight (Depths:1)
  4 deep elf demonologists
  A minotaur (Gauntlet)
  5 deep elf annihilators (Elf:3)
  Snorg (D:10)
  4 ettins (Depths:1)
  8 deep elf death magi
  4 merfolk javelineers
  9 merfolk impalers
  A mummy priest (Depths:2)
  A great orb of eyes (Depths:1)
  4 fire dragons (Depths:1)
  Josephine (Orc:2)
  3 deep elf high priests
  2 boulder beetles
  5 hydras
  16 naga warriors
  4 ice dragons
  3 spriggan air magi (Depths:2)
  10 centaur warriors
  9 anacondas
  5 vault guards (D:14)
  An ogre mage (D:14)
  A salamander tyrant (Snake:3)
  2 catoblepae
  3 merfolk aquamancers
  3 merfolk avatars
  3 alligator snapping turtles
  12 dancing weapons
  3 two-headed ogres
  2 death knights
  12 death yaks
  7 satyrs
  A deep troll earth mage (Depths:1)
  Urug (D:12)
  A spriggan berserker (Depths:2)
  3 tengu warriors
  3 thrashing horrors (Lair:6)
  An orc high priest (Orc:1)
  8 shock serpents
  10 deep elf knights
  11 naga sharpshooters
  An iron troll (Depths:1)
  12 sea snakes
  A goliath frog (Lair:1)
  3 salamander mystics (Snake:4)
  3 deep trolls (D:15)
  6 naga ritualists
  The ghost of Jazqba the Grappler, a novice TrHu of Cheibriados (D:6)
  A glowing orange brain (Depths:2)
  A wizard (Depths:1)
  2 necromancers
  2 lindwurms (Lair:6)
  26 deep elf zephyrmancers
  9 harpies
  A phantasmal warrior (D:15)
  A lindwurm (shapeshifter) (Elf:2)
  3 orc knights
  13 deep elf archers
  25 deep elf pyromancers
  A wolf spider (D:15)
  18 fauns
  19 manticores
  12 ugly things
  3 orc sorcerers
  3 mana vipers
  4 cyclopes
  3 elephants (Lair:6)
  6 merfolk sirens
  10 salamanders
  10 water nymphs
  24 naga magi
  3 guardian serpents
  21 black mambas
  3 smoke demons (Lair:6)
  11 cane toads
  3 gargoyles
  2 kobold demonologists
  A yaktaur (D:14)
  4 rime drakes
  6 komodo dragons
  An ancient zyme (Lair:6)
  3 freezing wraiths (D:15)
  2 ice devils (Depths:1)
  5 guardian mummies (Depths:2)
  A hellion (Depths:1)
  2 tengu conjurers
  2 queen bees
  The ghost of altcumming the Chopper, an amateur MiFi (D:4)
  3 meliai (D:13)
  4 wind drakes
  9 trolls
  4 polar bears
  20 merfolk
  The ghost of robertstho the Chiller, an amateur DgIE (D:4)
  The ghost of LohmatiyShmel the Insei, an amateur GnTm (D:4)
  Grinder (D:4)
  2 large abominations (Lair:6)
  21 dream sheep
  6 snapping turtles
  The ghost of Camille the Conjurer, an amateur DECj (D:4)
  28 blink frogs
  6 wraiths
  2 vampires
  12 water elementals
  2 air elementals
  4 wyverns
  4 centaur simulacra (Gauntlet)
  A fire elemental (Elf:1)
  A shadow (D:10)
  5 hogs (Shoals:4)
  62 yaks
  7 basilisks
  2 humans (D:14)
  8 vampire mosquitoes
  4 chaos spawn
  3 wargs
  Edmund (D:5)
  47 nagas
  An acid dragon (D:10)
  18 water moccasins
  24 orc warriors
  8 black bears
  7 ogres
  A sky beast (D:5)
  2 necrophages (D:6)
  4 wolves (Lair:5)
  14 centaurs
  A phantom (D:7)
  Blork the orc (D:6)
  17 bullfrogs
  2 kobold brigands
  2 earth elementals
  2 scorpions (D:9)
  A cane toad simulacrum (Gauntlet)
  A gnoll sergeant (D:10)
  A water moccasin zombie (D:5)
  Dowan (D:5)
  8 wights
  26 killer bees
  3 electric eels (Lair:3)
  2 hounds
  3 quasits (D:6)
  A centaur skeleton (D:4)
  A centaur zombie (D:7)
  18 orc priests
  2 bullfrog skeletons (D:6)
  Jessica (D:3)
  7 iguanas
  Natasha (thrice) (D:3)
  4 yak simulacra (Lair:2)
  4 hell rats
  19 orc wizards
  3 polar bear simulacra (Lair:2)
  A wolf simulacrum (Lair:2)
  2 killer bee zombies (D:6)
  7 small abominations (Lair:6)
  A mummy (Depths:2)
  Robin (D:4)
  18 gnolls
  A howler monkey zombie (D:9)
  9 adders
  A shadow imp (D:6)
  3 ufetubi
  A worm (D:4)
  5 dart slugs
  88 orcs
  4 bats
  3 endoplasms
  3 giant cockroaches
  8 hobgoblins
  3 quokkas
  4 ball pythons
  8 frilled lizards
  17 goblins
  18 kobolds
  5 rats
  3 river rat simulacra (Lair:2)
1230 creatures vanquished.

Vanquished Creatures (collateral kills)
  2 deep elf blademasters
2 creatures vanquished.

Vanquished Creatures (others)
  A frost giant (Shoals:4)
  A stone giant (Depths:1)
  A merfolk javelineer (Shoals:4)
  A merfolk impaler (Shoals:3)
  A merfolk avatar (Shoals:4)
  A death yak (Lair:2)
  A deep troll shaman (D:15)
  2 two-headed ogres (D:12)
  A sun demon (Depths:1)
  A naga sharpshooter (Snake:3)
  A deep elf knight (Elf:1)
  A large abomination (Lair:6)
  A mana viper (Snake:4)
  A merfolk (Shoals:2)
  A vampire mosquito (D:13)
  An ogre (Orc:1)
  An orc (Orc:2)
  A goblin (D:4)
  A bush (Lair:3)
  96 fungi
  176 plants
292 creatures vanquished.

Grand Total: 1524 creatures vanquished

Notes
Turn   | Place    | Note
-------+----------+-------------------------------------------
     0 | D:1      | mopl the Gnoll Monk began the quest for the Orb.
     0 | D:1      | Reached XP level 1. HP: 23/23 MP: 1/1
    20 | D:1      | Found a faded altar of an unknown god.
    31 | D:1      | Prayed at the altar of an unknown god.
    31 | D:1      | Became a worshipper of Ru the Awakened
    37 | D:1      | Gained mutation: You sometimes lose the ability to drink
                  | potions when taking damage. [Ru sacrifice]
    37 | D:1      | Reached * piety under Ru
   187 | D:1      | Reached XP level 2. HP: 25/29 MP: 2/2
   886 | D:2      | Reached XP level 3. HP: 34/35 MP: 3/3
  1147 | D:2      | Reached skill level 1 in Invocations
  1271 | D:2      | Identified the +7 chain mail of Yloylom {Will+}
  1655 | D:3      | Reached skill level 1 in Short Blades
  1655 | D:3      | Reached skill level 1 in Long Blades
  1655 | D:3      | Reached skill level 1 in Axes
  1655 | D:3      | Reached skill level 1 in Polearms
  1655 | D:3      | Reached skill level 1 in Staves
  1655 | D:3      | Reached skill level 1 in Slings
  1655 | D:3      | Reached skill level 1 in Bows
  1655 | D:3      | Reached skill level 1 in Crossbows
  1655 | D:3      | Reached skill level 1 in Throwing
  1655 | D:3      | Reached skill level 1 in Armour
  1655 | D:3      | Reached skill level 1 in Shields
  1655 | D:3      | Reached skill level 1 in Unarmed Combat
  1655 | D:3      | Reached skill level 1 in Spellcasting
  1655 | D:3      | Reached skill level 1 in Evocations
  1736 | D:3      | Noticed Jessica
  1744 | D:3      | Killed Jessica
  1745 | D:3      | Reached XP level 4. HP: 41/41 MP: 5/5
  1785 | D:3      | Found an opulent altar of Gozag.
  1815 | D:3      | Reached skill level 1 in Conjurations
  1815 | D:3      | Reached skill level 1 in Hexes
  1815 | D:3      | Reached skill level 1 in Summonings
  1815 | D:3      | Reached skill level 1 in Necromancy
  1815 | D:3      | Reached skill level 1 in Translocations
  1815 | D:3      | Reached skill level 1 in Transmutations
  1815 | D:3      | Reached skill level 1 in Fire Magic
  1815 | D:3      | Reached skill level 1 in Ice Magic
  1815 | D:3      | Reached skill level 1 in Air Magic
  1815 | D:3      | Reached skill level 1 in Earth Magic
  1815 | D:3      | Reached skill level 1 in Poison Magic
  2099 | D:3      | Noticed Natasha
  2103 | D:3      | Killed Natasha
  2104 | D:3      | Reached XP level 5. HP: 47/47 MP: 5/7
  2108 | D:3      | Found a shimmering altar of Xom.
  2223 | D:3      | Noticed Natasha
  2231 | D:3      | Killed Natasha
  2238 | D:3      | Gained mutation: You cannot be stealthy. [Ru sacrifice]
  2238 | D:3      | Reduced skill Stealth to level 0
  2238 | D:3      | Reached ** piety under Ru
  2299 | D:3      | Noticed Natasha
  2307 | D:3      | Killed Natasha
  2311 | D:3      | Reached XP level 6. HP: 38/53 MP: 8/8
  2317 | D:3      | Reached skill level 2 in Invocations
  2528 | D:4      | Noticed Grinder
  2602 | D:4      | Paralysed by Grinder for 4 turns
  2613 | D:4      | Paralysed by Grinder for 5 turns
  2818 | D:4      | Killed Grinder
  2819 | D:4      | Reached skill level 2 in Short Blades
  2819 | D:4      | Reached skill level 2 in Long Blades
  2819 | D:4      | Reached skill level 2 in Axes
  2819 | D:4      | Reached skill level 2 in Polearms
  2819 | D:4      | Reached skill level 2 in Staves
  2819 | D:4      | Reached skill level 2 in Slings
  2819 | D:4      | Reached skill level 2 in Bows
  2819 | D:4      | Reached skill level 2 in Crossbows
  2819 | D:4      | Reached skill level 2 in Throwing
  2819 | D:4      | Reached skill level 2 in Armour
  2819 | D:4      | Reached skill level 2 in Shields
  2819 | D:4      | Reached skill level 2 in Unarmed Combat
  2819 | D:4      | Reached skill level 2 in Spellcasting
  2819 | D:4      | Reached skill level 2 in Evocations
  2819 | D:4      | Reached XP level 7. HP: 50/59 MP: 8/10
  2854 | D:4      | Reached skill level 7 in Fighting
  2854 | D:4      | Reached skill level 7 in Maces & Flails
  2854 | D:4      | Reached skill level 7 in Dodging
  2860 | D:4      | Noticed Robin
  2963 | D:4      | Killed Robin
  3032 | D:4      | Reached skill level 2 in Conjurations
  3032 | D:4      | Reached skill level 2 in Hexes
  3032 | D:4      | Reached skill level 2 in Summonings
  3032 | D:4      | Reached skill level 2 in Necromancy
  3032 | D:4      | Reached skill level 2 in Translocations
  3032 | D:4      | Reached skill level 2 in Transmutations
  3032 | D:4      | Reached skill level 2 in Fire Magic
  3032 | D:4      | Reached skill level 2 in Ice Magic
  3032 | D:4      | Reached skill level 2 in Air Magic
  3032 | D:4      | Reached skill level 2 in Earth Magic
  3032 | D:4      | Reached skill level 2 in Poison Magic
  3278 | D:4      | Reached skill level 3 in Invocations
  3594 | D:4      | You are sucked into a shaft and drop 1 floor!
  3594 | D:5      | Entered Level 5 of the Dungeon
  3831 | D:5      | Reached XP level 8. HP: 63/67 MP: 12/12
  4108 | D:4      | Found a runed translucent gate.
  4110 | D:4      | Noticed robertstho's ghost (amateur DgIE)
  4111 | D:4      | Found a runed translucent gate.
  4111 | D:4      | Found a runed translucent gate.
  4111 | D:4      | Noticed LohmatiyShmel's ghost (amateur GnTm)
  4112 | D:4      | Noticed altcumming's ghost (amateur MiFi)
  4112 | D:4      | Noticed Camille's ghost (amateur DECj)
  4207 | D:4      | Identified the +8 quarterstaff "Jellyslayer" {drain, rF+
                  | rCorr Str+4}
  4444 | D:5      | Reached skill level 3 in Short Blades
  4444 | D:5      | Reached skill level 3 in Long Blades
  4444 | D:5      | Reached skill level 3 in Axes
  4444 | D:5      | Reached skill level 3 in Polearms
  4444 | D:5      | Reached skill level 3 in Staves
  4444 | D:5      | Reached skill level 3 in Slings
  4444 | D:5      | Reached skill level 3 in Bows
  4444 | D:5      | Reached skill level 3 in Crossbows
  4444 | D:5      | Reached skill level 3 in Throwing
  4444 | D:5      | Reached skill level 3 in Armour
  4444 | D:5      | Reached skill level 3 in Shields
  4444 | D:5      | Reached skill level 3 in Unarmed Combat
  4444 | D:5      | Reached skill level 3 in Spellcasting
  4444 | D:5      | Reached skill level 3 in Evocations
  4577 | D:5      | Noticed Dowan
  4592 | D:5      | Killed Dowan
  4692 | D:5      | Noticed Edmund
  4711 | D:5      | Killed Edmund
  4803 | D:5      | Noticed Duvessa
  4806 | D:5      | Noticed Duvessa
  4806 | D:5      | Duvessa changed into Duvessa the gnoll
  4811 | D:5      | Killed Duvessa the gnoll
  5063 | D:6      | Gained mutation: Your casting is slightly disrupted. [Ru
                  | sacrifice]
  5074 | D:6      | Identified the ring of the Sun {rPois Dex+6 Slay+3}
  5099 | D:6      | Found a transporter.
  5100 | D:6      | Noticed Jazqba's ghost (novice TrHu)
  5110 | D:6      | Found a transporter.
  5115 | D:6      | Reached skill level 3 in Conjurations
  5115 | D:6      | Reached skill level 3 in Hexes
  5115 | D:6      | Reached skill level 3 in Summonings
  5115 | D:6      | Reached skill level 3 in Necromancy
  5115 | D:6      | Reached skill level 3 in Translocations
  5115 | D:6      | Reached skill level 3 in Transmutations
  5115 | D:6      | Reached skill level 3 in Fire Magic
  5115 | D:6      | Reached skill level 3 in Ice Magic
  5115 | D:6      | Reached skill level 3 in Air Magic
  5115 | D:6      | Reached skill level 3 in Earth Magic
  5115 | D:6      | Reached skill level 3 in Poison Magic
  5115 | D:6      | Reached skill level 4 in Invocations
  5143 | D:6      | Reached XP level 9. HP: 71/72 MP: 14/14
  5287 | D:6      | Reached skill level 4 in Short Blades
  5287 | D:6      | Reached skill level 4 in Long Blades
  5287 | D:6      | Reached skill level 4 in Axes
  5287 | D:6      | Reached skill level 4 in Polearms
  5287 | D:6      | Reached skill level 4 in Staves
  5287 | D:6      | Reached skill level 4 in Slings
  5287 | D:6      | Reached skill level 4 in Bows
  5287 | D:6      | Reached skill level 4 in Crossbows
  5287 | D:6      | Reached skill level 4 in Throwing
  5287 | D:6      | Reached skill level 4 in Armour
  5287 | D:6      | Reached skill level 4 in Shields
  5287 | D:6      | Reached skill level 4 in Unarmed Combat
  5287 | D:6      | Reached skill level 4 in Spellcasting
  5287 | D:6      | Reached skill level 4 in Evocations
  5604 | D:6      | Found a glowing golden altar of the Shining One.
  5720 | D:6      | Noticed Blork the orc
  5729 | D:6      | Killed Blork the orc
  6309 | D:7      | Noticed a troll
  6316 | D:7      | Killed a troll
  6330 | D:7      | Reached skill level 8 in Fighting
  6330 | D:7      | Reached skill level 8 in Maces & Flails
  6330 | D:7      | Reached skill level 8 in Dodging
  6493 | D:7      | Found a staircase to the Ecumenical Temple.
  6642 | D:7      | Identified the +1 leather armour of the Zebra {rPois Will-
                  | Dex+3}
  6719 | D:7      | Reached skill level 5 in Invocations
  6755 | D:7      | Reached skill level 4 in Conjurations
  6755 | D:7      | Reached skill level 4 in Hexes
  6755 | D:7      | Reached skill level 4 in Summonings
  6755 | D:7      | Reached skill level 4 in Necromancy
  6755 | D:7      | Reached skill level 4 in Translocations
  6755 | D:7      | Reached skill level 4 in Transmutations
  6755 | D:7      | Reached skill level 4 in Fire Magic
  6755 | D:7      | Reached skill level 4 in Ice Magic
  6755 | D:7      | Reached skill level 4 in Air Magic
  6755 | D:7      | Reached skill level 4 in Earth Magic
  6755 | D:7      | Reached skill level 4 in Poison Magic
  6755 | D:7      | Reached XP level 10. HP: 62/80 MP: 17/17
  6956 | D:8      | Reached skill level 5 in Short Blades
  6956 | D:8      | Reached skill level 5 in Long Blades
  6956 | D:8      | Reached skill level 5 in Axes
  6956 | D:8      | Reached skill level 5 in Polearms
  6956 | D:8      | Reached skill level 5 in Staves
  6956 | D:8      | Reached skill level 5 in Slings
  6956 | D:8      | Reached skill level 5 in Bows
  6956 | D:8      | Reached skill level 5 in Crossbows
  6956 | D:8      | Reached skill level 5 in Throwing
  6956 | D:8      | Reached skill level 5 in Armour
  6956 | D:8      | Reached skill level 5 in Shields
  6956 | D:8      | Reached skill level 5 in Unarmed Combat
  6956 | D:8      | Reached skill level 5 in Spellcasting
  6956 | D:8      | Reached skill level 5 in Evocations
  7417 | D:8      | Reached skill level 6 in Invocations
  7699 | D:9      | Found a broken altar of Ashenzari.
  7714 | D:9      | Found a glowing silver altar of Zin.
  7975 | D:9      | Noticed a kobold demonologist
  7981 | D:9      | Killed a kobold demonologist
  7994 | D:9      | Found a white marble altar of Elyvilon.
  8039 | D:9      | Found a bloodstained altar of Trog.
  8229 | D:10     | Entered Level 10 of the Dungeon
  8254 | D:10     | Reached XP level 11. HP: 72/87 MP: 19/19
  8260 | D:10     | Found a staircase to the Lair.
  8370 | D:10     | Reached skill level 9 in Fighting
  8370 | D:10     | Reached skill level 9 in Maces & Flails
  8370 | D:10     | Reached skill level 9 in Dodging
  8373 | D:10     | Reached skill level 6 in Short Blades
  8373 | D:10     | Reached skill level 6 in Long Blades
  8373 | D:10     | Reached skill level 6 in Axes
  8373 | D:10     | Reached skill level 6 in Polearms
  8373 | D:10     | Reached skill level 6 in Staves
  8373 | D:10     | Reached skill level 6 in Slings
  8373 | D:10     | Reached skill level 6 in Bows
  8373 | D:10     | Reached skill level 6 in Crossbows
  8373 | D:10     | Reached skill level 6 in Throwing
  8373 | D:10     | Reached skill level 6 in Armour
  8373 | D:10     | Reached skill level 6 in Shields
  8373 | D:10     | Reached skill level 6 in Unarmed Combat
  8373 | D:10     | Reached skill level 6 in Spellcasting
  8373 | D:10     | Reached skill level 6 in Evocations
  8402 | D:10     | Identified the +0 chain mail of the Orb {Dex+6}
  8454 | D:10     | Reached skill level 5 in Conjurations
  8454 | D:10     | Reached skill level 5 in Hexes
  8454 | D:10     | Reached skill level 5 in Summonings
  8454 | D:10     | Reached skill level 5 in Necromancy
  8454 | D:10     | Reached skill level 5 in Translocations
  8454 | D:10     | Reached skill level 5 in Transmutations
  8454 | D:10     | Reached skill level 5 in Fire Magic
  8454 | D:10     | Reached skill level 5 in Ice Magic
  8454 | D:10     | Reached skill level 5 in Air Magic
  8454 | D:10     | Reached skill level 5 in Earth Magic
  8454 | D:10     | Reached skill level 5 in Poison Magic
  8499 | D:10     | Noticed Snorg
  8515 | D:10     | Killed Snorg
  8576 | D:10     | Noticed a death knight
  8584 | D:10     | Killed a death knight
  9021 | D:10     | Found a shadowy altar of Dithmenos.
  9106 | Lair:1   | Entered Level 1 of the Lair of Beasts
  9118 | Lair:1   | Reached skill level 7 in Invocations
  9403 | Lair:1   | Found a shimmering altar of Xom.
  9449 | Lair:1   | Noticed a five-headed hydra
  9464 | Lair:1   | Killed a five-headed hydra
  9474 | Lair:1   | Noticed Fannar
  9708 | D:11     | Noticed a boulder beetle
  9708 | D:11     | Noticed a two-headed ogre
  9714 | D:11     | Killed a two-headed ogre
  9720 | D:11     | Killed a boulder beetle
  9721 | D:11     | Reached XP level 12. HP: 91/96 MP: 22/22
  9835 | Lair:1   | Noticed Fannar
  9835 | Lair:1   | Fannar changed into Fannar the goliath frog
  9884 | Lair:1   | Killed Fannar the goliath frog
  9885 | Lair:1   | Reached skill level 7 in Short Blades
  9885 | Lair:1   | Reached skill level 7 in Long Blades
  9885 | Lair:1   | Reached skill level 7 in Axes
  9885 | Lair:1   | Reached skill level 7 in Polearms
  9885 | Lair:1   | Reached skill level 7 in Staves
  9885 | Lair:1   | Reached skill level 7 in Slings
  9885 | Lair:1   | Reached skill level 7 in Bows
  9885 | Lair:1   | Reached skill level 7 in Crossbows
  9885 | Lair:1   | Reached skill level 7 in Throwing
  9885 | Lair:1   | Reached skill level 7 in Armour
  9885 | Lair:1   | Reached skill level 7 in Shields
  9885 | Lair:1   | Reached skill level 7 in Unarmed Combat
  9885 | Lair:1   | Reached skill level 7 in Spellcasting
  9885 | Lair:1   | Reached skill level 7 in Evocations
 10045 | Lair:1   | Gained mutation: You are missing an eye, making it more
                  | difficult to aim. [Ru sacrifice]
 10045 | Lair:1   | Reached *** piety under Ru
 10056 | Lair:1   | You are sucked into a shaft and drop 1 floor!
 10092 | Lair:2   | Noticed a six-headed hydra
 10102 | Lair:2   | Killed a six-headed hydra
 10103 | Lair:2   | Reached skill level 6 in Conjurations
 10103 | Lair:2   | Reached skill level 6 in Hexes
 10103 | Lair:2   | Reached skill level 6 in Summonings
 10103 | Lair:2   | Reached skill level 6 in Necromancy
 10103 | Lair:2   | Reached skill level 6 in Translocations
 10103 | Lair:2   | Reached skill level 6 in Transmutations
 10103 | Lair:2   | Reached skill level 6 in Fire Magic
 10103 | Lair:2   | Reached skill level 6 in Ice Magic
 10103 | Lair:2   | Reached skill level 6 in Air Magic
 10103 | Lair:2   | Reached skill level 6 in Earth Magic
 10103 | Lair:2   | Reached skill level 6 in Poison Magic
 10504 | Lair:2   | Noticed an eight-headed hydra
 10510 | Lair:2   | Killed an eight-headed hydra
 10511 | Lair:2   | Reached skill level 8 in Invocations
 10549 | Lair:2   | Noticed a death yak
 10562 | Lair:2   | Killed a death yak
 10568 | Lair:2   | Noticed a death yak
 10568 | Lair:2   | Noticed a death yak
 10569 | Lair:2   | Noticed a death yak
 10579 | Lair:2   | Noticed a death yak
 10592 | Lair:1   | Killed a death yak
 10593 | Lair:1   | Reached skill level 10 in Fighting
 10593 | Lair:1   | Reached skill level 10 in Maces & Flails
 10593 | Lair:1   | Reached skill level 10 in Dodging
 11098 | Lair:2   | Killed a death yak
 11135 | Lair:1   | Killed a death yak
 11375 | Lair:2   | Killed a death yak
 11608 | Lair:2   | Found a staircase to the Snake Pit.
 11991 | Lair:3   | Noticed a death yak
 11991 | Lair:3   | Noticed a death yak
 12014 | Lair:3   | Noticed a death yak
 12028 | Lair:2   | Killed a death yak
 12029 | Lair:2   | Reached XP level 13. HP: 62/103 MP: 24/24
 12265 | Lair:3   | Reached skill level 8 in Short Blades
 12265 | Lair:3   | Reached skill level 8 in Long Blades
 12265 | Lair:3   | Reached skill level 8 in Axes
 12265 | Lair:3   | Reached skill level 8 in Polearms
 12265 | Lair:3   | Reached skill level 8 in Staves
 12265 | Lair:3   | Reached skill level 8 in Slings
 12265 | Lair:3   | Reached skill level 8 in Bows
 12265 | Lair:3   | Reached skill level 8 in Crossbows
 12265 | Lair:3   | Reached skill level 8 in Throwing
 12265 | Lair:3   | Reached skill level 8 in Armour
 12265 | Lair:3   | Reached skill level 8 in Shields
 12265 | Lair:3   | Reached skill level 8 in Unarmed Combat
 12265 | Lair:3   | Reached skill level 8 in Spellcasting
 12265 | Lair:3   | Reached skill level 8 in Evocations
 13160 | Lair:3   | Reached skill level 9 in Invocations
 14342 | Lair:4   | Found a staircase to the Shoals.
 14402 | Lair:4   | Reached skill level 7 in Conjurations
 14402 | Lair:4   | Reached skill level 7 in Hexes
 14402 | Lair:4   | Reached skill level 7 in Summonings
 14402 | Lair:4   | Reached skill level 7 in Necromancy
 14402 | Lair:4   | Reached skill level 7 in Translocations
 14402 | Lair:4   | Reached skill level 7 in Transmutations
 14402 | Lair:4   | Reached skill level 7 in Fire Magic
 14402 | Lair:4   | Reached skill level 7 in Ice Magic
 14402 | Lair:4   | Reached skill level 7 in Air Magic
 14402 | Lair:4   | Reached skill level 7 in Earth Magic
 14402 | Lair:4   | Reached skill level 7 in Poison Magic
 15151 | Lair:4   | Identified the +4 hand axe "Ceaxih" {vorpal, rPois Will+
                  | Dex+3}
 15731 | Lair:5   | Found a transporter.
 16068 | Lair:5   | Found a transporter.
 16318 | Lair:5   | Noticed funkygono's ghost (journeyman GrFE)
 16877 | Lair:5   | Found a staircase to the Slime Pits.
 17124 | Lair:6   | Entered Level 6 of the Lair of Beasts
 17143 | Lair:6   | Reached skill level 11 in Fighting
 17143 | Lair:6   | Reached skill level 11 in Maces & Flails
 17143 | Lair:6   | Reached skill level 11 in Dodging
 17143 | Lair:6   | Reached XP level 14. HP: 112/113 MP: 26/26
 17514 | Lair:6   | Reached skill level 9 in Short Blades
 17514 | Lair:6   | Reached skill level 9 in Long Blades
 17514 | Lair:6   | Reached skill level 9 in Axes
 17514 | Lair:6   | Reached skill level 9 in Polearms
 17514 | Lair:6   | Reached skill level 9 in Staves
 17514 | Lair:6   | Reached skill level 9 in Slings
 17514 | Lair:6   | Reached skill level 9 in Bows
 17514 | Lair:6   | Reached skill level 9 in Crossbows
 17514 | Lair:6   | Reached skill level 9 in Throwing
 17514 | Lair:6   | Reached skill level 9 in Armour
 17514 | Lair:6   | Reached skill level 9 in Shields
 17514 | Lair:6   | Reached skill level 9 in Unarmed Combat
 17514 | Lair:6   | Reached skill level 9 in Spellcasting
 17514 | Lair:6   | Reached skill level 9 in Evocations
 17609 | Lair:6   | Learned a level 1 spell: Animate Skeleton
 18200 | Lair:6   | Reached skill level 10 in Invocations
 19684 | Lair:6   | Found a corrupted altar of Lugonu.
 19684 | Lair:6   | Found a one-way gate to the infinite horrors of the Abyss.
 20432 | D:11     | Gained mutation: You cannot study or cast Ice magic. [Ru
                  | sacrifice]
 20432 | D:11     | Gained mutation: You cannot study or cast Hexes magic. [Ru
                  | sacrifice]
 20432 | D:11     | Gained mutation: You cannot study or cast Summoning magic.
                  | [Ru sacrifice]
 20432 | D:11     | Reduced skill Ice Magic to level 0
 20432 | D:11     | Reduced skill Hexes to level 0
 20432 | D:11     | Reduced skill Summonings to level 0
 20432 | D:11     | Reached **** piety under Ru
 21464 | D:12     | Found a gate leading to a gauntlet.
 21472 | Gauntlet | Entered a Gauntlet
 21472 | Gauntlet | Found a transporter.
 21483 | Gauntlet | Found a transporter.
 21496 | Gauntlet | Found a transporter.
 21502 | Gauntlet | Found a transporter.
 21522 | Gauntlet | Found a transporter.
 21536 | Gauntlet | Found a transporter.
 21544 | Gauntlet | Found a large runed translucent door.
 21545 | Gauntlet | Found a large runed translucent door.
 21546 | Gauntlet | Found a large runed translucent door.
 21546 | Gauntlet | Found a large runed translucent door.
 21547 | Gauntlet | Found a runed translucent gate.
 21548 | Gauntlet | Found a transporter.
 21548 | Gauntlet | Found a runed translucent gate.
 21549 | Gauntlet | Found a runed translucent gate.
 21550 | Gauntlet | Found a large runed translucent door.
 21550 | Gauntlet | Found a large runed translucent door.
 21551 | Gauntlet | Found a large runed translucent door.
 21552 | Gauntlet | Found a large runed translucent door.
 21560 | Gauntlet | Found a transporter.
 21572 | Gauntlet | Found a transporter.
 21584 | Gauntlet | Found a transporter.
 21603 | Gauntlet | Found a transporter.
 21618 | Gauntlet | Found a transporter.
 21620 | Gauntlet | Found a transporter.
 21647 | Gauntlet | Found a transporter.
 21649 | Gauntlet | Found a transporter.
 21651 | Gauntlet | Found a transporter.
 21678 | Gauntlet | Found a transporter.
 21703 | Gauntlet | Reached skill level 8 in Conjurations
 21703 | Gauntlet | Reached skill level 8 in Necromancy
 21703 | Gauntlet | Reached skill level 8 in Translocations
 21703 | Gauntlet | Reached skill level 8 in Transmutations
 21703 | Gauntlet | Reached skill level 8 in Fire Magic
 21703 | Gauntlet | Reached skill level 8 in Air Magic
 21703 | Gauntlet | Reached skill level 8 in Earth Magic
 21703 | Gauntlet | Reached skill level 8 in Poison Magic
 21965 | Gauntlet | Found a transporter.
 21967 | Gauntlet | Found a large runed translucent door.
 21967 | Gauntlet | Found a large runed translucent door.
 21968 | Gauntlet | Found a large runed translucent door.
 21968 | Gauntlet | Found a large runed translucent door.
 21975 | Gauntlet | Found a large runed translucent door.
 21975 | Gauntlet | Found a large runed translucent door.
 21975 | Gauntlet | Found a runed translucent door.
 21975 | Gauntlet | Found a runed translucent door.
 22580 | D:12     | Found Keacwyocui's Antique Armour Shoppe.
 22756 | D:12     | Bought a pair of glowing boots for 277 gold pieces
 22835 | D:12     | Reached XP level 15. HP: 115/120 MP: 28/28
 22932 | D:12     | Noticed Urug
 22951 | D:12     | Killed Urug
 23014 | D:12     | Noticed Rupert
 23026 | D:12     | Killed Rupert
 23050 | D:12     | Found a staircase to the Orcish Mines.
 23053 | D:12     | Gained mutation: You are weak. (Str -2) [Ru sacrifice]
 23053 | D:12     | Reached ***** piety under Ru
 23387 | Orc:1    | Entered Level 1 of the Orcish Mines
 23521 | Orc:1    | Found a runed translucent door.
 23528 | Orc:1    | Found the +10 tower shield of Ignorance {rN+ Int-4}
 23535 | Orc:1    | Found a runed translucent door.
 23949 | Orc:2    | Entered Level 2 of the Orcish Mines
 24134 | Orc:2    | Noticed Sonja
 24135 | Orc:2    | Noticed Sonja
 24135 | Orc:2    | Sonja changed into Sonja the black bear
 24138 | Orc:2    | Killed Sonja the black bear
 24170 | Orc:2    | Found Gaarut's Distillery.
 24319 | Orc:2    | Bought a potion of resistance for 140 gold pieces
 24319 | Orc:2    | Bought a potion of curing for 42 gold pieces
 24319 | Orc:2    | Bought a potion of heal wounds for 70 gold pieces
 24513 | Orc:2    | Noticed an orc warlord
 24542 | Orc:2    | Killed an orc warlord
 24555 | Orc:2    | Reached skill level 10 in Short Blades
 24555 | Orc:2    | Reached skill level 10 in Long Blades
 24555 | Orc:2    | Reached skill level 10 in Axes
 24555 | Orc:2    | Reached skill level 10 in Polearms
 24555 | Orc:2    | Reached skill level 10 in Staves
 24555 | Orc:2    | Reached skill level 10 in Slings
 24555 | Orc:2    | Reached skill level 10 in Bows
 24555 | Orc:2    | Reached skill level 10 in Crossbows
 24555 | Orc:2    | Reached skill level 10 in Throwing
 24555 | Orc:2    | Reached skill level 10 in Armour
 24555 | Orc:2    | Reached skill level 10 in Shields
 24555 | Orc:2    | Reached skill level 10 in Unarmed Combat
 24555 | Orc:2    | Reached skill level 10 in Spellcasting
 24555 | Orc:2    | Reached skill level 10 in Evocations
 24623 | Orc:2    | Noticed Josephine
 24799 | Orc:2    | Killed Josephine
 24970 | Orc:2    | Found a staircase to the Elven Halls.
 25177 | Orc:2    | Found Hihupp's Antique Armour Emporium.
 25178 | Orc:2    | Found Kimaoryb's Antique Weapon Shoppe.
 25364 | Orc:2    | Found Cehax's Weapon Boutique.
 25681 | D:4      | Killed altcumming's ghost
 25687 | D:4      | Killed Camille's ghost
 25692 | D:4      | Killed robertstho's ghost
 25695 | D:4      | Killed LohmatiyShmel's ghost
 25921 | D:6      | Killed Jazqba's ghost
 25924 | D:6      | Reached skill level 11 in Invocations
 26185 | D:13     | Reached skill level 12 in Fighting
 26185 | D:13     | Reached skill level 12 in Maces & Flails
 26185 | D:13     | Reached skill level 12 in Dodging
 26755 | D:13     | Noticed Jorgrun
 26784 | D:13     | Killed Jorgrun
 28159 | D:14     | Found a gate to the Vaults.
 28741 | D:15     | Entered Level 15 of the Dungeon
 28895 | D:15     | Reached XP level 16. HP: 122/128 MP: 30/30
 29615 | D:15     | Identified the +1 robe of Indecent Exposure {Dex+2}
 29633 | D:15     | Found a staircase to the Depths.
 29665 | D:15     | Reached skill level 9 in Conjurations
 29665 | D:15     | Reached skill level 9 in Necromancy
 29665 | D:15     | Reached skill level 9 in Translocations
 29665 | D:15     | Reached skill level 9 in Transmutations
 29665 | D:15     | Reached skill level 9 in Fire Magic
 29665 | D:15     | Reached skill level 9 in Air Magic
 29665 | D:15     | Reached skill level 9 in Earth Magic
 29665 | D:15     | Reached skill level 9 in Poison Magic
 30370 | Elf:1    | Entered Level 1 of the Elven Halls
 31536 | Elf:1    | Noticed an Ice Fiend
 31545 | Elf:1    | Reached skill level 11 in Short Blades
 31545 | Elf:1    | Reached skill level 11 in Long Blades
 31545 | Elf:1    | Reached skill level 11 in Axes
 31545 | Elf:1    | Reached skill level 11 in Polearms
 31545 | Elf:1    | Reached skill level 11 in Staves
 31545 | Elf:1    | Reached skill level 11 in Slings
 31545 | Elf:1    | Reached skill level 11 in Bows
 31545 | Elf:1    | Reached skill level 11 in Crossbows
 31545 | Elf:1    | Reached skill level 11 in Throwing
 31545 | Elf:1    | Reached skill level 11 in Armour
 31545 | Elf:1    | Reached skill level 11 in Shields
 31545 | Elf:1    | Reached skill level 11 in Unarmed Combat
 31545 | Elf:1    | Reached skill level 11 in Spellcasting
 31545 | Elf:1    | Reached skill level 11 in Evocations
 31684 | Elf:1    | Reached skill level 12 in Invocations
 33660 | Elf:2    | Paralysed by an air elemental for 1 turns
 33664 | Elf:2    | Paralysed by an air elemental for 1 turns
 34605 | Elf:2    | Found a runed translucent gate.
 34605 | Elf:2    | Found a runed translucent gate.
 34607 | Elf:2    | Found a runed translucent gate.
 35067 | Elf:3    | Entered Level 3 of the Elven Halls
 35109 | Elf:3    | Reached skill level 13 in Fighting
 35109 | Elf:3    | Reached skill level 13 in Maces & Flails
 35109 | Elf:3    | Reached skill level 13 in Dodging
 35109 | Elf:3    | Reached XP level 17. HP: 118/126 MP: 23/32
 35213 | Elf:3    | Noticed Nikola
 35225 | Elf:3    | Killed Nikola
 35243 | Elf:3    | Noticed a deep elf master archer
 35301 | Elf:3    | Noticed a deep elf blademaster
 35385 | Elf:2    | Killed a deep elf blademaster
 35600 | Elf:3    | Identified the ring of Ykka {Fire Dex+5 SInv}
 35605 | Elf:2    | Killed a deep elf master archer
 35851 | Elf:3    | Paralysed by an air elemental for 1 turns
 35854 | Elf:3    | Paralysed by an air elemental for 1 turns
 35860 | Elf:3    | Paralysed by an air elemental for 1 turns
 36176 | Elf:3    | Identified the +5 dire flail of True Grit {spect, rPois rC+
                  | Str+4}
 36203 | Elf:3    | Identified the +3 plate armour "Fiparoxu" {rF+ rC- Str+4
                  | Dex+5}
 36203 | Elf:3    | Noticed a deep elf blademaster
 36213 | Elf:3    | Killed a deep elf blademaster
 36817 | Elf:3    | Reached skill level 10 in Conjurations
 36817 | Elf:3    | Reached skill level 10 in Necromancy
 36817 | Elf:3    | Reached skill level 10 in Translocations
 36817 | Elf:3    | Reached skill level 10 in Transmutations
 36817 | Elf:3    | Reached skill level 10 in Fire Magic
 36817 | Elf:3    | Reached skill level 10 in Air Magic
 36817 | Elf:3    | Reached skill level 10 in Earth Magic
 36817 | Elf:3    | Reached skill level 10 in Poison Magic
 36833 | Elf:3    | Identified the +5 quarterstaff "Qouliqeb" {vorpal, rElec
                  | rC- rN+ SInv}
 37013 | Elf:3    | Identified the +6 flail of the Original Sin {venom, rElec
                  | rCorr Str+4}
 37014 | Elf:3    | Identified the amulet of Jour {Reflect rElec SH+5}
 37279 | Elf:3    | Gained mutation: You sometimes lose the ability to read
                  | scrolls when taking damage. [Ru sacrifice]
 37279 | Elf:3    | Reached ****** piety under Ru
 38323 | Snake:1  | Entered Level 1 of the Snake Pit
 38346 | Lair:2   | Reached skill level 13 in Invocations
 38437 | Lair:2   | Reached skill level 12 in Short Blades
 38437 | Lair:2   | Reached skill level 12 in Long Blades
 38437 | Lair:2   | Reached skill level 12 in Axes
 38437 | Lair:2   | Reached skill level 12 in Polearms
 38437 | Lair:2   | Reached skill level 12 in Staves
 38437 | Lair:2   | Reached skill level 12 in Slings
 38437 | Lair:2   | Reached skill level 12 in Bows
 38437 | Lair:2   | Reached skill level 12 in Crossbows
 38437 | Lair:2   | Reached skill level 12 in Throwing
 38437 | Lair:2   | Reached skill level 12 in Armour
 38437 | Lair:2   | Reached skill level 12 in Shields
 38437 | Lair:2   | Reached skill level 12 in Unarmed Combat
 38437 | Lair:2   | Reached skill level 12 in Spellcasting
 38437 | Lair:2   | Reached skill level 12 in Evocations
 38701 | Snake:1  | Learned a level 2 spell: Passwall
 38705 | Snake:1  | Learned a level 3 spell: Vampiric Draining
 39100 | Snake:2  | Reached XP level 18. HP: 144/144 MP: 34/34
 39157 | Snake:2  | Noticed Sagen's ghost (adept DrCj)
 39162 | Snake:2  | Found a transporter.
 39296 | Snake:2  | Found a transporter.
 40071 | Snake:2  | Noticed Vashnia
 40116 | Snake:2  | Killed Vashnia
 40946 | Snake:3  | Identified the +0 robe of Zetwuf {Rampage rElec rPois
                  | rF+++}
 40994 | Snake:3  | Identified the ring of Xom's Whim {*Corrode Fly Will+++
                  | Slay+4 Stlth+}
 41723 | Snake:4  | Entered Level 4 of the Snake Pit
 41727 | Snake:4  | Noticed Mlioglotl
 41829 | Snake:3  | Killed Mlioglotl
 41948 | Snake:4  | Reached skill level 14 in Fighting
 41948 | Snake:4  | Reached skill level 14 in Maces & Flails
 41948 | Snake:4  | Reached skill level 14 in Dodging
 43370 | Snake:4  | Noticed Bai Suzhen
 43434 | Snake:3  | Killed Bai Suzhen
 43851 | Snake:4  | Reached XP level 19. HP: 94/152 MP: 35/35
 44331 | Snake:4  | Got a serpentine rune of Zot
 44619 | Shoals:1 | Entered Level 1 of the Shoals
 44784 | Shoals:1 | Reached skill level 14 in Invocations
 45128 | Shoals:1 | Reached skill level 11 in Conjurations
 45128 | Shoals:1 | Reached skill level 11 in Necromancy
 45128 | Shoals:1 | Reached skill level 11 in Translocations
 45128 | Shoals:1 | Reached skill level 11 in Transmutations
 45128 | Shoals:1 | Reached skill level 11 in Fire Magic
 45128 | Shoals:1 | Reached skill level 11 in Air Magic
 45128 | Shoals:1 | Reached skill level 11 in Earth Magic
 45128 | Shoals:1 | Reached skill level 11 in Poison Magic
 45526 | Shoals:1 | Reached skill level 13 in Short Blades
 45526 | Shoals:1 | Reached skill level 13 in Long Blades
 45526 | Shoals:1 | Reached skill level 13 in Axes
 45526 | Shoals:1 | Reached skill level 13 in Polearms
 45526 | Shoals:1 | Reached skill level 13 in Staves
 45526 | Shoals:1 | Reached skill level 13 in Slings
 45526 | Shoals:1 | Reached skill level 13 in Bows
 45526 | Shoals:1 | Reached skill level 13 in Crossbows
 45526 | Shoals:1 | Reached skill level 13 in Throwing
 45526 | Shoals:1 | Reached skill level 13 in Armour
 45526 | Shoals:1 | Reached skill level 13 in Shields
 45526 | Shoals:1 | Reached skill level 13 in Unarmed Combat
 45526 | Shoals:1 | Reached skill level 13 in Spellcasting
 45526 | Shoals:1 | Reached skill level 13 in Evocations
 45710 | Shoals:2 | Noticed Ilsuiw
 45963 | Shoals:1 | Killed Ilsuiw
 46053 | Shoals:2 | Found a transporter.
 46055 | Shoals:2 | Found a transporter.
 46389 | Shoals:2 | Found a transporter.
 46653 | Shoals:2 | Noticed Polyphemus
 46710 | Shoals:2 | Killed Polyphemus
 47037 | Shoals:2 | Found a transporter.
 47040 | Shoals:2 | Found a transporter.
 47435 | Shoals:2 | Found a transporter.
 48272 | Shoals:3 | Noticed Donald
 48294 | Shoals:2 | Killed Donald
 49340 | Shoals:4 | Entered Level 4 of the Shoals
 49700 | Shoals:4 | Identified Roxanne's Papyrus of Clay
 49700 | Shoals:4 | Noticed Roxanne
 50832 | Shoals:4 | Reached XP level 20. HP: 138/161 MP: 37/37
 50938 | Shoals:4 | Got a barnacled rune of Zot
 51000 | Shoals:4 | Noticed Mara
 51009 | Shoals:4 | Noticed mopl's illusion
 51017 | Shoals:4 | Killed Mara
 51105 | Shoals:4 | Identified the +1 ring mail of Ethereal Music {Harm rCorr
                  | Int-4}
 51456 | Shoals:4 | Noticed Kirke
 51478 | Shoals:4 | Killed Kirke
 52069 | Depths:1 | Entered Level 1 of the Depths
 52143 | Depths:1 | Reached skill level 15 in Fighting
 52143 | Depths:1 | Reached skill level 15 in Maces & Flails
 52143 | Depths:1 | Reached skill level 15 in Dodging
 54620 | Depths:1 | You are sucked into a shaft and drop 1 floor!
 54630 | Depths:2 | Found a hide-covered altar of Uskayaw.
 54682 | Depths:2 | Reached skill level 15 in Invocations
 55025 | Depths:2 | Found a one-way gate leading to the halls of Pandemonium.
 55518 | Depths:1 | Found a gateway to Hell.
 56054 | Depths:2 | Noticed a royal mummy
 56890 | Depths:2 | Killed a royal mummy
 57177 | Depths:2 | Found Quthrum's Weapon Shoppe.
 57184 | Depths:2 | Bought the +8 lance "Wyrmbane" {slay drac, rPois rF+ rC+
                  | AC+3} for 1131 gold pieces
 57184 | Depths:2 | Found the +8 lance "Wyrmbane" {slay drac, rPois rF+ rC+
                  | AC+3}
 57777 | Depths:2 | Reached skill level 14 in Short Blades
 57777 | Depths:2 | Reached skill level 14 in Long Blades
 57777 | Depths:2 | Reached skill level 14 in Axes
 57777 | Depths:2 | Reached skill level 14 in Polearms
 57777 | Depths:2 | Reached skill level 14 in Staves
 57777 | Depths:2 | Reached skill level 14 in Slings
 57777 | Depths:2 | Reached skill level 14 in Bows
 57777 | Depths:2 | Reached skill level 14 in Crossbows
 57777 | Depths:2 | Reached skill level 14 in Throwing
 57777 | Depths:2 | Reached skill level 14 in Armour
 57777 | Depths:2 | Reached skill level 14 in Shields
 57777 | Depths:2 | Reached skill level 14 in Unarmed Combat
 57777 | Depths:2 | Reached skill level 14 in Spellcasting
 57777 | Depths:2 | Reached skill level 14 in Evocations
 57884 | Depths:2 | Noticed a royal mummy
 58090 | Depths:2 | Killed a royal mummy
 58090 | Depths:2 | Killed by a royal mummy's death curse

Illustrated notes

Levels and vault maps discovered:
D:1:      minmay_arrival_hallway, layout_loops_ring,
          ebering_ecumenical_altar_sacrificial, st_stairs_8
D:2:      layout_basic
D:3:      layout_basic, mainiacjoe_overflow_24_doors,
          mainiacjoe_overflow_tiny_flanked, uniq_natasha, uniq_jessica
D:4:      corexii_shack_village, layout_cave_pools, gammafunk_ghost_cemetery,
          uniq_robin, uniq_grinder
D:5:      layout_loops_ring, uniq_duvessa, uniq_edmund
D:6:      layout_loops_corners, lemuel_doored_altar, gammafunk_ghost_stat_death,
          minivault_26, kennysheep_cross_bottleneck, minmay_misc_feat_plants,
          minmay_misc_feat_cross, uniq_blork_the_orc
D:7:      layout_basic, minmay_temple_entry_steel_oval
D:8:      layout_basic, minmay_lizard_king
D:9:      layout_small_grid, ashenzari_altar_1, mainiacjoe_overflow_paths,
          mainiacjoe_overflow_alcove_1, trog_butcher_becter
D:10:     layout_roguey, grunt_dithmenos_smoke_and_mirrors,
          due_lair_maze_entry_diamond, uniq_snorg
D:11:     nicolae_cairo_tiling, layout_loops_corners
D:12:     layout_long_grid, david_orc_2, serial_shops, shop,
          gauntlet_entry_generic, uniq_rupert, uniq_urug
D:13:     layout_roguey [special_room_bee], uniq_jorgrun
D:14:     layout_loops_ring, grunt_vaults_entry_fortified
D:15:     grunt_enter_depths_giant_problem, layout_rooms, serial_park_fountain
Lair:1:   layout_regular_city, basic_altar, chequers_serial_rivers_small_b,
          columned_hall_lemuel, infiniplex_staircase_pool_2, uniq_fannar
Lair:2:   layout_roguey, dummy_snake_entry, eino_house_with_fridge,
          grunt_megastairs_2
Lair:3:   layout_gridlike, special_room, nicolae_lair_grazing_beasts
          [nicolae_sub_lair_graze_edge, nicolae_sub_lair_graze_edge,
          nicolae_sub_lair_graze_edge, nicolae_sub_lair_graze_edge],
          grunt_megastairs_4, serial_bayou_shore_a, serial_bayou_shore_b
Lair:4:   layout_roguey, minmay_shoals_entry_beasts, lemuel_fruit_fields,
          serial_bayou_shore_b
Lair:5:   layout_roguey, dpeg_slime_entry_corner, nzn_ghost_randoct,
          beast_lair_carwin_6
Lair:6:   hellmonk_lair_end_abyssal_woods, layout_loops_ring, minivault_11
Shoals:1: layout_shoals, nicolae_shoals_pincushion_passage
Shoals:2: layout_shoals, serial_nicolae_subway, nicolae_sub_station_stone,
          nicolae_sub_station_metal, nicolae_sub_station_crystal, uniq_ilsuiw,
          uniq_polyphemus
Shoals:3: cheibrodos_shoals_satyrical_garden, layout_shoals, uniq_donald
Shoals:4: shoals_end_grunt_ice, layout_shoals, uniq_roxanne, uniq_mara,
          uniq_kirke
Snake:1:  layout_misc_corridors
Snake:2:  layout_rooms, gammafunk_ghost_arena, special_room, uniq_vashnia
Snake:3:  layout_honeycomb
Snake:4:  snake_pit, layout_grid_maze, uniq_bai_suzhen, uniq_mlioglotl
Orc:1:    layout_caves, basic_altar, chequers_guarded_unrand_ignorance
Orc:2:    grunt_orc_community_town_hall, layout_caves,
          grunt_orc_community_big_house_2, grunt_orc_community_big_house_1,
          grunt_orc_community_house_1, grunt_orc_community_house_3,
          grunt_orc_community_house_3, grunt_orc_community_house_2, uniq_sonja,
          uniq_josephine
Elf:1:    eino_elf_arrival_customs, layout_geoelf_diagonals,
          minmay_elf_demonology
Elf:2:    elven_hall_of_blades_hangedman_original
          [infiniplex_blade_entry_pillars], layout_geoelf_octagon
Elf:3:    minmay_elf_hall_quartered_circle, layout_rooms, minmay_misc_feat_rows,
          uniq_nikola
Depths:1: layout_cave_pools, hangedman_abyss_entry_splay,
          kennysheep_nondescript, hell_entry, rand_demon_pan_entry_4,
          minmay_misc_feat_doors, kennysheep_diamond, minmay_starry_boxes
Depths:2: ragdoll_tomb_raider, layout_cave_pools, hell_entry,
          nicolae_uskayaw_dance_hall, serial_shops, shop,
          grunt_pan_entry_in_and_out

Skill      XL: |  1  2  3  4  5  6  7  8  9 10 11 12 13 14 15 16 17 18 19 20 |
---------------+-------------------------------------------------------------+-----
Invocations    | 1 2 3 4 5 6 7 8 9 10 11 12 13 14 15 | 15.1
Short Blades   | 1 2 3 4 5 6 7 8 9 10 11 12 13 14 | 14.0
Long Blades    | 1 2 3 4 5 6 7 8 9 10 11 12 13 14 | 14.0
Axes           | 1 2 3 4 5 6 7 8 9 10 11 12 13 14 | 14.0
Polearms       | 1 2 3 4 5 6 7 8 9 10 11 12 13 14 | 14.0
Staves         | 1 2 3 4 5 6 7 8 9 10 11 12 13 14 | 14.0
Slings         | 1 2 3 4 5 6 7 8 9 10 11 12 13 14 | 14.0
Bows           | 1 2 3 4 5 6 7 8 9 10 11 12 13 14 | 14.0
Crossbows      | 1 2 3 4 5 6 7 8 9 10 11 12 13 14 | 14.0
Throwing       | 1 2 3 4 5 6 7 8 9 10 11 12 13 14 | 14.0
Armour         | 1 2 3 4 5 6 7 8 9 10 11 12 13 14 | 14.0
Shields        | 1 2 3 4 5 6 7 8 9 10 11 12 13 14 | 14.0
Unarmed Combat | 1 2 3 4 5 6 7 8 9 10 11 12 13 14 | 14.0
Spellcasting   | 1 2 3 4 5 6 7 8 9 10 11 12 13 14 | 14.0
Evocations     | 1 2 3 4 5 6 7 8 9 10 11 12 13 14 | 14.0
Conjurations   | 1 2 3 4 5 6 7 8 9 10 11 | 11.9
Hexes          | 1 2 3 4 5 6 7 0 |  0.0
Summonings     | 1 2 3 4 5 6 7 0 |  0.0
Necromancy     | 1 2 3 4 5 6 7 8 9 10 11 | 11.9
Translocations | 1 2 3 4 5 6 7 8 9 10 11 | 11.9
Transmutations | 1 2 3 4 5 6 7 8 9 10 11 | 11.9
Fire Magic     | 1 2 3 4 5 6 7 8 9 10 11 | 11.9
Ice Magic      | 1 2 3 4 5 6 7 0 |  0.0
Air Magic      | 1 2 3 4 5 6 7 8 9 10 11 | 11.9
Earth Magic    | 1 2 3 4 5 6 7 8 9 10 11 | 11.9
Poison Magic   | 1 2 3 4 5 6 7 8 9 10 11 | 11.9
Stealth        | 0 |  0.0
Fighting       | 7 8 9 10 11 12 13 14 15 | 15.3
Maces & Flails | 7 8 9 10 11 12 13 14 15 | 15.3
Dodging        | 7 8 9 10 11 12 13 14 15 | 15.3

Action                   |  1- 3 |  4- 6 |  7- 9 | 10-12 | 13-15 | 16-18 | 19-21 || total
-------------------------+-------+-------+-------+-------+-------+-------+-------++-------
Melee: Mace              |    98 |    24 |       |       |       |       |       ||   122
       Bite              |     9 |    10 |    30 |    70 |   231 |   224 |   235 ||   809
       Punch             |     2 |     2 |     7 |       |     3 |       |       ||    14
       Flail             |       |    91 |   165 |       |    66 |       |       ||   322
       Quarterstaff      |       |       |   164 |   522 |  1566 |  1331 |  1033 ||  4616
       Unarmed           |       |       |       |       |     2 |       |       ||     2
       Dire flail        |       |       |       |       |       |    83 |   107 ||   190
       Lance             |       |       |       |       |       |       |    48 ||    48
 Fire: Longbow           |       |       |       |       |       |     3 |       ||     3
Throw: Dart              |       |       |       |    20 |    16 |    21 |       ||    57
       Boomerang         |       |       |       |       |       |    10 |     1 ||    11
 Cast: Passwall          |       |       |       |       |       |       |     1 ||     1
Invok: Sacrifice Drink   |     1 |       |       |       |       |       |       ||     1
       Sacrifice Stealth |       |     1 |       |       |       |       |       ||     1
       Sacrifice Essence |       |       |     1 |       |       |       |       ||     1
       Sacrifice an Eye  |       |       |       |     1 |       |       |       ||     1
       Reject Sacrifices |       |       |       |       |     2 |       |       ||     2
       Sacrifice Arcana  |       |       |       |       |     1 |       |       ||     1
       Apocalypse        |       |       |       |       |     1 |     7 |       ||     8
       Sacrifice Purity  |       |       |       |       |     1 |       |       ||     1
       Power Leap        |       |       |       |       |       |     8 |       ||     8
       Sacrifice Words   |       |       |       |       |       |     1 |       ||     1
Evoke: Wand              |       |       |     3 |    17 |    21 |    17 |     5 ||    63
       Condenser vane    |       |       |       |       |     2 |     4 |     4 ||    10
       Tin of tremorston |       |       |       |       |     1 |     5 |     2 ||     8
       Box of beasts     |       |       |       |       |       |     1 |     1 ||     2
       Phantom mirror    |       |       |       |       |       |     1 |     1 ||     2
       Piece from Xom's  |       |       |       |       |       |       |     9 ||     9
  Use: Scroll            |       |       |     7 |     5 |    12 |    11 |     4 ||    39
       Potion            |       |       |       |     1 |     3 |     1 |       ||     5
 Stab: Sleeping          |     4 |       |       |       |       |       |       ||     4
       Paralysed         |       |       |       |    23 |    17 |    27 |    36 ||   103
       Distracted        |       |       |       |       |     9 |    12 |    12 ||    33
       Invisible         |       |       |       |       |    13 |     7 |    10 ||    30
       Petrified         |       |       |       |       |       |       |    14 ||    14
Armor: Ring mail         |    24 |       |       |       |       |       |       ||    24
       Robe              |     1 |       |       |       |       |       |       ||     1
       Chain mail        |    16 |    62 |   271 |   227 |   641 |   376 |   378 ||  1971
       Scale mail        |     8 |       |       |       |       |       |       ||     8
       Skin              |       |       |       |       |    10 |       |       ||    10
Dodge: Dodged            |    49 |    44 |   161 |   312 |   984 |   710 |   613 ||  2873
Block: Other             |       |       |       |       |       |    90 |   180 ||   270
       Reflection        |       |       |       |       |       |    10 |    16 ||    26
       Kite shield       |       |       |       |       |       |       |    21 ||    21
